 Dungeon Crawl Stone Soup version 0.25-a0-2-g6559c6c67a (webtiles) character file.

Game seed: 6291097215839067267, levelgen mode: deterministic

282 Raiden350 the Ducker (level 6, -1/47 HPs)
             Began as a Demonspawn Gladiator on Oct 14, 2019.
             Slain by Grinder (4 damage)
             ... while paralysed by Grinder
             ... on level 3 of the Dungeon.
             The game lasted 00:13:30 (2962 turns).

Raiden350 the Ducker (Demonspawn Gladiator)         Turns: 2962, Time: 00:13:31

Health: -1/47      AC:  5    Str: 15    XL:     6   Next: 6%
Magic:  6/6        EV:  2    Int: 10    God:
Gold:   153        SH:  0    Dex: 22    Spells: 5/5 levels left

rFire    . . .     SeeInvis .   a - +0 trident
rCold    . . .     Gourm    .   (no shield)
rNeg     . . .     Faith    .   b - +0 leather armour
rPois    .         Spirit   .   c - +0 helmet
rElec    .         Reflect  .   x - +0 cloak
rCorr    .         Harm     .   (no gloves)
MR       .....                  (no boots)
Stlth    ++++++....             (no amulet)
HPRegen  0.15/turn              (no ring)
MPRegen  0.10/turn              (no ring)

@: paralysed, agile, hasted
A: thin skeletal structure 1, nightstalker 2
a: no special abilities


You were on level 3 of the Dungeon.
You were not hungry.

You visited 1 branch of the dungeon, and saw 3 of its levels.

You collected 153 gold pieces.

Inventory:

Hand Weapons
 a - a +0 trident (weapon)
 h - a +1 dagger of venom
 u - a +2 dagger of holy wrath
 w - a +2 quarterstaff of chaos
Missiles
 d - a throwing net (quivered)
Armour
 b - a +0 leather armour (worn)
 c - a +0 helmet (worn)
 l - a +0 buckler
 x - a +0 cloak (worn)
Jewellery
 s - a +3 ring of intelligence {unknown}
Wands
 t - a wand of digging (6)
 v - a wand of flame (8)
Scrolls
 e - 3 scrolls of fear {unknown}
 i - 6 scrolls of identify
 j - a scroll of noise {unknown}
 n - 2 scrolls of teleportation {unknown}
 o - a scroll of amnesia {unknown}
 y - a scroll of enchant weapon {unknown}
 A - a scroll of remove curse {unknown}
 B - a scroll of magic mapping {unknown}
Potions
 m - a potion of magic
 p - a potion of ambrosia {unknown}
 r - a potion of haste
 z - a potion of cancellation {unknown}
Comestibles
 f - 7 rations
 g - 8 chunks of flesh


   Skills:
 + Level 3.1 Fighting
 + Level 0.1 Short Blades
 - Level 3.4 Polearms
 - Level 1.7 Throwing
 * Level 2.1 Armour
 + Level 3.5 Dodging
 * Level 2.0 Stealth
 + Level 1.6 Shields


You had 5 spell levels left.
You didn't know any spells.
Your spell library was empty.

Dungeon Overview and Level Annotations

Branches:
Dungeon (3/15)

Altars:

Annotations:
D:3 Grinder


Innate Abilities, Weirdness & Mutations

You have a somewhat thin skeletal structure. (Dex +2, Stealth)
You are significantly more attuned to the shadows.


Message History

You hit Grinder.
Grinder is lightly wounded.
Grinder blinks!
Grinder blinks!
You barely miss Grinder.
Grinder is lightly wounded.
Grinder hits you.
* * * LOW HITPOINT WARNING * * *
You hit Grinder but do no damage.
Grinder is lightly wounded.
Grinder is no longer moving quickly.
Grinder gestures at you.
You suddenly lose the ability to move!
Grinder hits you but does no damage. Grinder gestures at you.
Pain shoots through your body!
* * * LOW HITPOINT WARNING * * *
Grinder drinks a potion.
Grinder seems to speed up.
Grinder hits you but does no damage. Grinder hits you.
You die...

##########
########........#
#....@5......##.#
#.######.###.####
#.# #.###.#
######.# #.##..#
.......# #....##
#####♣♣ ########
#.##..# #...#♣.
######.###.#
#...'.♣
#..........#
#)..#♣♣
##.###..##..#
#####


You could see Grinder.

Vanquished Creatures
  Sigmund (D:2)
  Crazy Yiuf (D:3)
  Robin (D:3)
  2 adders
  3 worms
  2 dart slugs (D:2)
  A leopard gecko (D:1)
  4 orcs
  2 giant cockroaches
  12 goblins
  11 hobgoblins
  2 jackals (D:1)
  5 bats
  2 frilled lizards (D:1)
  9 kobolds
  A rat (D:2)
59 creatures vanquished.

Notes
Turn   | Place    | Note
-------+----------+-------------------------------------------
     0 | D:1      | Raiden350 the Demonspawn Gladiator began the quest for the
                  | Orb.
     0 | D:1      | Reached XP level 1. HP: 16/16 MP: 1/1
   408 | D:1      | Gained mutation: You are slightly more attuned to the
                  | shadows. [demonic ancestry]
   408 | D:1      | Reached XP level 2. HP: 22/22 MP: 2/2
  1368 | D:2      | Noticed Sigmund
  1380 | D:2      | Killed Sigmund
  1380 | D:2      | Reached skill level 1 in Armour
  1380 | D:2      | Reached skill level 1 in Stealth
  1380 | D:2      | Reached skill level 1 in Shields
  1380 | D:2      | Gained mutation: You have a somewhat thin skeletal
                  | structure. (Dex +2, Stealth) [demonic ancestry]
  1380 | D:2      | Reached XP level 3. HP: 22/29 MP: 3/3
  1380 | D:2      | Reached XP level 4. HP: 27/35 MP: 4/4
  1380 | D:2      | Gained mutation: You are significantly more attuned to the
                  | shadows. [demonic ancestry]
  1380 | D:2      | Reached XP level 5. HP: 32/41 MP: 5/5
  2360 | D:3      | Found a runed translucent door.
  2362 | D:3      | Noticed Crazy Yiuf
  2381 | D:3      | Killed Crazy Yiuf
  2484 | D:3      | Noticed Robin
  2509 | D:3      | Killed Robin
  2791 | D:3      | Reached XP level 6. HP: 44/47 MP: 6/6
  2922 | D:3      | Noticed Grinder
  2933 | D:3      | Paralysed by Grinder for 5 turns
  2958 | D:3      | Paralysed by Grinder for 7 turns
  2962 | D:3      | Slain by Grinder

Levels and vault maps discovered:
D:1:      nzn_arrival_water_spiral, layout_basic, feat_on_display
D:2:      layout_loops_cross, minivault_26, lightli_corner_chamber, uniq_sigmund
D:3:      minmay_chambers_of_twos, layout_loops_ring, first_ration,
          uniq_crazy_yiuf_cottage, uniq_grinder, uniq_robin

Skill      XL: |  1  2  3  4  5 |
---------------+----------------+-----
Dodging        | 3 |  3.5
Fighting       | 3 |  3.1
Polearms       | 3 |  3.4
Armour         | 1 2 |  2.1
Stealth        | 1 2 |  2.0
Shields        | 1 |  1.6
Short Blades   | |  0.1
Throwing       | |  1.7

Action                   |  1- 3 |  4- 6 || total
-------------------------+-------+-------++-------
Melee: Trident           |    68 |   132 ||   200
Throw: Throwing net      |     3 |     2 ||     5
  Use: Scroll            |     3 |       ||     3
       Potion            |       |     4 ||     4
 Stab: Sleeping          |     3 |    14 ||    17
       Held in net/web   |     2 |       ||     2
       Distracted        |       |     1 ||     1
  Eat: Chunk             |     1 |     6 ||     7
Armor: Leather armour    |    10 |    31 ||    41
Dodge: Dodged            |    25 |    52 ||    77

Table legend:
 A = Non-vault XP
 B = Vault XP
 C = Vault XP percentage of total XP
 D = Non-vault monster count
 E = Vault monster count
 F = Vault count percentage of total count
                 A         B        C        D         E       F
            +---------+---------+-------+---------+---------+-------
      Total |     107 |     296 |  73.4 |      45 |      14 |  23.7
            +---------+---------+-------+---------+---------+-------
        D:1 |      29 |       0 |   0.0 |      16 |       0 |   0.0
        D:2 |      49 |     212 |  81.2 |      16 |       1 |   5.9
        D:3 |      29 |      84 |  74.3 |      13 |      13 |  50.0
            +---------+---------+-------+---------+---------+-------
